General information
- name: BNet
- type: Ladder team game (AT/RT)
- host: Battle.net
- saver: BRAINIAC-KDI
map: Deadlock
- players: 8
- length: 54:01
- speed: Fast
- version: 1.28 W3XP
- replay type: Public
» download(347 KB)
Players
team 1 (loser)

»
DrFootlonglambo (
red | 58 APM | 1533 actions | 26:16)
2 Keeper of the Grove
1 Entangling Roots
1 Thorns Aura
» actions
| Assign group hotkey | 208 | |
| Basic commands | 82 | |
| Build / train | 35 | |
| Enter build submenu | 13 | |
| Enter hero's abilities submenu | 2 | |
| Right click | 621 | |
| Select / deselect | 254 | |
| Select group hotkey | 225 | |
| Use ability | 93 | |
1533 total
» units
» upgrades
» buildings
| Altar of Elders | 1 | |
| Moon Well | 7 | |
| Hunter's Hall | 1 | |
| Ancient of War | 3 | |
12 total
» build order
00:07 Altar of Elders
00:18 Moon Well
01:45 Hunter's Hall
01:49 Ancient of War
02:03 Moon Well
02:27 Ancient of War
02:50 Moon Well
04:20 Moon Well
07:12 Ancient of War
08:51 Moon Well
11:15 Moon Well
11:16 Moon Well

»
hazelnutz69 (
pink | 52 APM | 1321 actions | 25:17)
4 Death Knight
2 Unholy Aura
2 Death Coil
» actions
| Assign group hotkey | 8 | |
| Basic commands | 2 | |
| Build / train | 68 | |
| Enter build submenu | 31 | |
| Enter hero's abilities submenu | 5 | |
| Give item / drop item | 1 | |
| Remove unit from queue | 4 | |
| Right click | 776 | |
| Select / deselect | 350 | |
| Select group hotkey | 27 | |
| Use ability | 49 | |
1321 total
» units
| Acolyte | 12 | |
| Ghoul | 14 | |
| Crypt Fiend | 6 | |
| Frost Wyrm | 6 | |
38 total
» upgrades
| Unholy Armor | 1 | |
| Creature Carapace | 2 | |
| Creature Attack | 2 | |
| Burrow | 1 | |
| Web | 1 | |
| Freezing Breath | 1 | |
8 total
» buildings
| Altar of Darkness | 1 | |
| Ziggurat | 16 | |
| Crypt | 2 | |
| Graveyard | 2 | |
| Nerubian Tower | 2 | |
| Tomb of Relics | 2 | |
| Halls of the Dead | 1 | |
| Spirit Tower | 5 | |
| Sacrificial Pit | 1 | |
| Black Citadel | 1 | |
| Boneyard | 2 | |
| Necropolis | 1 | |
36 total
» build order
00:09 Altar of Darkness
00:11 Ziggurat
00:13 Ziggurat
00:35 Crypt
00:58 Graveyard
01:09 Nerubian Tower
01:29 Ziggurat
02:22 Crypt
02:40 Ziggurat
02:52 Tomb of Relics
05:52 Halls of the Dead
07:05 Ziggurat
07:14 Ziggurat
07:27 Ziggurat
07:40 Ziggurat
08:02 Spirit Tower
08:13 Nerubian Tower
08:42 Spirit Tower
08:45 Sacrificial Pit
09:29 Black Citadel
10:16 Spirit Tower
11:51 Boneyard
11:53 Boneyard
12:10 Ziggurat
13:11 Spirit Tower
15:56 Tomb of Relics
18:18 Ziggurat
18:20 Ziggurat
18:24 Ziggurat
18:54 Necropolis
19:24 Graveyard
19:32 Ziggurat
19:36 Ziggurat
20:48 Spirit Tower
21:22 Ziggurat
21:23 Ziggurat
25:07 Spirit Tower
» items
| Rod of Necromancy | 1 | |
| Sacrificial Skull | 1 | |
| Scroll of Town Portal | 2 | |
4 total
BRAINIAC-KDI (
blue | 55 APM | 2961 actions | 54:01)
8 Blademaster
3 Critical Strike
3 Wind Walk
1 Bladestorm
1 Mirror Image
1 Shadow Hunter
1 Hex
» actions
| Assign group hotkey | 41 | |
| Basic commands | 132 | |
| Build / train | 96 | |
| Enter build submenu | 38 | |
| Enter hero's abilities submenu | 9 | |
| Give item / drop item | 8 | |
| Remove unit from queue | 4 | |
| Right click | 1201 | |
| Select / deselect | 324 | |
| Select group hotkey | 873 | |
| Use ability | 235 | |
2961 total
» units
| Peon | 26 | |
| Grunt | 6 | |
| Wind Rider | 6 | |
| Raider | 2 | |
| Troll Witch Doctor | 1 | |
| Troll Batrider | 2 | |
43 total
» upgrades
| Reinforced Defenses | 1 | |
| Ranged Weapons | 2 | |
| Armor | 2 | |
| Envenomed Spears | 1 | |
| Ensnare | 1 | |
| Melee Weapons | 1 | |
| Witch Doctor Training | 2 | |
10 total
» buildings
| Altar of Storms | 1 | |
| Orc Burrow | 7 | |
| Barracks | 1 | |
| Voodoo Lounge | 2 | |
| Stronghold | 1 | |
| Great Hall | 2 | |
| War Mill | 2 | |
| Fortress | 1 | |
| Beastiary | 2 | |
| Watch Tower | 66 | |
| Spirit Lodge | 1 | |
86 total
» build order
00:10 Altar of Storms
00:21 Orc Burrow
00:39 Barracks
01:26 Orc Burrow
02:28 Voodoo Lounge
03:37 Stronghold
04:18 Great Hall
04:42 War Mill
04:56 Orc Burrow
05:36 Great Hall
05:57 Orc Burrow
07:10 Fortress
07:28 Beastiary
07:29 Beastiary
08:22 Watch Tower
09:04 Watch Tower
09:05 Watch Tower
09:05 Watch Tower
09:59 Watch Tower
10:00 Watch Tower
10:24 Watch Tower
10:24 Watch Tower
10:24 Watch Tower
11:00 Watch Tower
11:01 Watch Tower
12:07 Watch Tower
12:08 Watch Tower
12:09 Watch Tower
12:11 Watch Tower
12:15 Watch Tower
12:16 Watch Tower
12:16 Watch Tower
13:39 Orc Burrow
14:13 Watch Tower
14:31 Watch Tower
15:17 Watch Tower
16:52 Watch Tower
16:53 Watch Tower
17:47 Watch Tower
17:47 Watch Tower
17:48 Watch Tower
17:49 Watch Tower
17:49 Watch Tower
17:49 Watch Tower
19:14 Watch Tower
19:14 Watch Tower
19:15 Watch Tower
19:15 Watch Tower
21:50 Orc Burrow
21:51 Orc Burrow
25:57 Watch Tower
25:57 Watch Tower
25:58 Watch Tower
25:59 Watch Tower
25:59 Watch Tower
26:00 Watch Tower
26:00 Watch Tower
26:02 Watch Tower
26:02 Watch Tower
29:14 Watch Tower
29:14 Watch Tower
29:15 Watch Tower
30:56 Watch Tower
35:08 Voodoo Lounge
35:34 Watch Tower
35:35 Watch Tower
35:36 Watch Tower
35:36 Watch Tower
35:37 Watch Tower
35:38 Watch Tower
35:38 Watch Tower
35:39 Watch Tower
35:41 Watch Tower
35:42 Watch Tower
36:21 Spirit Lodge
36:31 Watch Tower
37:19 War Mill
40:38 Watch Tower
40:39 Watch Tower
40:39 Watch Tower
40:40 Watch Tower
40:40 Watch Tower
40:41 Watch Tower
40:41 Watch Tower
40:41 Watch Tower
» items
| Healing Salve | 6 | |
| Orb of Lightning | 1 | |
| Boots of Speed | 1 | |
| Staff of Teleportation | 3 | |
| Potion of Healing | 1 | |
| Scroll of Town Portal | 4 | |
| Lesser Clarity Potion | 3 | |
| Tiny Great Hall | 1 | |
| Potion of Mana | 2 | |
| Potion of Lesser Invulnerability | 1 | |
23 total
lHATE4SRT (
yellow | 44 APM | 2068 actions | 46:51)
4 Archmage
2 Summon Water Elemental
2 Brilliance Aura
3 Mountain King
2 Storm Bolt
1 Bash
» actions
| Assign group hotkey | 9 | |
| Basic commands | 62 | |
| Build / train | 107 | |
| Enter build submenu | 50 | |
| Enter hero's abilities submenu | 7 | |
| Give item / drop item | 4 | |
| Right click | 998 | |
| Select / deselect | 710 | |
| Select group hotkey | 4 | |
| Use ability | 117 | |
2068 total
» units
| Peasant | 23 | |
| Dragonhawk Rider | 5 | |
| Knight | 9 | |
| Siege Engine | 5 | |
42 total
» upgrades
| Masonry | 3 | |
| Swords | 3 | |
| Armor | 3 | |
| Lumber Harvesting | 2 | |
| Animal War Training | 1 | |
| Storm Hammers | 1 | |
| Cloud | 1 | |
| Magic Sentry | 1 | |
| Control Magic | 1 | |
| Gunpowder | 2 | |
| Plating | 2 | |
| Barrage | 1 | |
21 total
» buildings
| Altar of Kings | 1 | |
| Farm | 11 | |
| Scout Tower | 21 | |
| Lumber Mill | 2 | |
| Guard Tower | 15 | |
| Town Hall | 2 | |
| Keep | 1 | |
| Blacksmith | 1 | |
| Castle | 1 | |
| Gryphon Aviary | 3 | |
| Barracks | 2 | |
| Arcane Vault | 1 | |
| Arcane Sanctum | 1 | |
| Workshop | 2 | |
64 total
» build order
00:09 Altar of Kings
00:15 Farm
00:54 Farm
01:14 Scout Tower
01:30 Farm
01:45 Scout Tower
01:51 Scout Tower
01:57 Scout Tower
02:08 Scout Tower
02:16 Scout Tower
02:20 Lumber Mill
02:32 Farm
02:40 Farm
02:44 Scout Tower
03:48 Guard Tower
03:58 Guard Tower
03:59 Guard Tower
04:02 Guard Tower
04:46 Town Hall
04:55 Scout Tower
04:57 Scout Tower
05:02 Scout Tower
05:25 Scout Tower
05:28 Scout Tower
05:32 Scout Tower
05:44 Guard Tower
06:15 Keep
06:38 Guard Tower
06:56 Guard Tower
07:03 Farm
07:08 Blacksmith
07:45 Scout Tower
08:15 Scout Tower
08:18 Guard Tower
08:44 Castle
08:49 Gryphon Aviary
08:54 Gryphon Aviary
09:12 Guard Tower
09:47 Barracks
09:54 Barracks
10:08 Scout Tower
10:38 Guard Tower
10:42 Farm
11:05 Arcane Vault
12:27 Scout Tower
13:05 Farm
13:15 Guard Tower
13:45 Guard Tower
14:04 Gryphon Aviary
15:24 Scout Tower
15:53 Scout Tower
16:13 Guard Tower
16:28 Lumber Mill
16:49 Farm
18:29 Farm
19:19 Guard Tower
19:32 Arcane Sanctum
19:48 Farm
23:37 Scout Tower
23:39 Scout Tower
25:03 Town Hall
27:42 Guard Tower
28:13 Workshop
28:18 Workshop
» items
| Boots of Speed | 2 | |
| Potion of Lesser Invulnerability | 1 | |
| Tiny Great Hall | 1 | |
| Potion of Healing | 2 | |
| Orb of Lightning | 1 | |
| Ivory Tower | 8 | |
| Scroll of Town Portal | 1 | |
| Staff of Sanctuary | 1 | |
| Staff of Teleportation | 1 | |
18 total
team 2 (winner)
fgg (
teal | 49 APM | 2175 actions | 44:32)
7 Mountain King
3 Storm Bolt
3 Bash
1 Avatar
» actions
| Assign group hotkey | 59 | |
| Basic commands | 3 | |
| Build / train | 113 | |
| ESC pressed | 1 | |
| Enter build submenu | 20 | |
| Enter hero's abilities submenu | 7 | |
| Remove unit from queue | 8 | |
| Right click | 1058 | |
| Select / deselect | 474 | |
| Select group hotkey | 347 | |
| Use ability | 83 | |
2175 total
» units
| Peasant | 17 | |
| Rifleman | 26 | |
| Siege Engine | 7 | |
| Knight | 1 | |
51 total
» upgrades
| Masonry | 3 | |
| Gunpowder | 3 | |
| Armor | 4 | |
| Long Rifles | 2 | |
| Lumber Harvesting | 2 | |
| Plating | 3 | |
| Barrage | 1 | |
| Animal War Training | 1 | |
| Swords | 1 | |
20 total
» buildings
| Altar of Kings | 1 | |
| Farm | 8 | |
| Blacksmith | 1 | |
| Scout Tower | 17 | |
| Barracks | 1 | |
| Arcane Vault | 1 | |
| Arcane Tower | 3 | |
| Lumber Mill | 1 | |
| Keep | 1 | |
| Town Hall | 1 | |
| Guard Tower | 3 | |
| Castle | 1 | |
| Workshop | 2 | |
41 total
» build order
00:16 Altar of Kings
00:26 Farm
01:04 Blacksmith
01:23 Farm
01:33 Scout Tower
01:55 Barracks
02:12 Farm
02:21 Arcane Vault
02:33 Arcane Tower
03:14 Lumber Mill
04:53 Keep
05:00 Town Hall
05:11 Scout Tower
05:12 Scout Tower
05:13 Scout Tower
05:16 Scout Tower
05:39 Scout Tower
05:40 Scout Tower
05:40 Scout Tower
06:12 Scout Tower
06:13 Scout Tower
06:23 Farm
06:25 Farm
06:45 Guard Tower
07:39 Guard Tower
07:40 Guard Tower
07:43 Guard Tower
07:47 Scout Tower
07:48 Scout Tower
07:48 Scout Tower
09:25 Castle
10:16 Farm
10:17 Farm
10:18 Farm
19:02 Arcane Tower
19:04 Guard Tower
19:05 Guard Tower
19:06 Guard Tower
19:08 Arcane Tower
19:33 Workshop
19:40 Workshop
20:23 Scout Tower
20:23 Scout Tower
20:24 Scout Tower
21:35 Guard Tower
22:43 Scout Tower
24:23 Guard Tower
» items
| Scroll of Regeneration | 5 | |
| Lesser Clarity Potion | 2 | |
| Potion of Lesser Invulnerability | 1 | |
| Scroll of Healing | 1 | |
| Scroll of Protection | 1 | |
| Periapt of Vitality | 1 | |
| Potion of Mana | 1 | |
| Scroll of Town Portal | 1 | |
| Potion of Healing | 1 | |
| Orb of Fire | 1 | |
15 total

»
Estimated13lood (
orange | 30 APM | 1607 actions | 53:34)
7 Death Knight
3 Death Coil
3 Unholy Aura
1 Animate Dead
» actions
| Basic commands | 7 | |
| Build / train | 89 | |
| Enter build submenu | 35 | |
| Enter hero's abilities submenu | 8 | |
| Give item / drop item | 1 | |
| Remove unit from queue | 1 | |
| Right click | 931 | |
| Select / deselect | 456 | |
| Use ability | 79 | |
1607 total
» units
| Acolyte | 24 | |
| Ghoul | 3 | |
| Crypt Fiend | 11 | |
| Frost Wyrm | 12 | |
50 total
» upgrades
| Creature Attack | 3 | |
| Creature Carapace | 3 | |
| Web | 1 | |
| Freezing Breath | 1 | |
8 total
» buildings
| Crypt | 2 | |
| Ziggurat | 16 | |
| Altar of Darkness | 1 | |
| Graveyard | 1 | |
| Nerubian Tower | 4 | |
| Tomb of Relics | 2 | |
| Halls of the Dead | 1 | |
| Spirit Tower | 7 | |
| Black Citadel | 1 | |
| Necropolis | 2 | |
| Sacrificial Pit | 1 | |
| Boneyard | 3 | |
41 total
» build order
00:24 Crypt
00:28 Crypt
01:06 Ziggurat
01:14 Altar of Darkness
01:28 Graveyard
02:02 Ziggurat
02:11 Nerubian Tower
03:09 Tomb of Relics
04:43 Halls of the Dead
05:08 Ziggurat
05:11 Ziggurat
05:29 Ziggurat
06:53 Spirit Tower
09:00 Black Citadel
10:05 Necropolis
10:12 Sacrificial Pit
11:52 Boneyard
12:32 Boneyard
13:48 Ziggurat
13:50 Ziggurat
14:00 Ziggurat
14:05 Ziggurat
14:19 Boneyard
14:40 Nerubian Tower
14:46 Spirit Tower
15:14 Nerubian Tower
16:12 Spirit Tower
24:52 Ziggurat
24:54 Ziggurat
24:58 Tomb of Relics
25:03 Necropolis
25:53 Spirit Tower
28:09 Nerubian Tower
31:03 Spirit Tower
31:44 Ziggurat
31:47 Ziggurat
31:49 Ziggurat
32:56 Ziggurat
33:20 Spirit Tower
33:31 Ziggurat
35:25 Spirit Tower
» items
| Potion of Healing | 1 | |
| Scroll of Town Portal | 4 | |
| Dust of Appearance | 2 | |
| Orb of Corruption | 1 | |
| Potion of Lesser Invulnerability | 1 | |
9 total
Merchant (
green | 57 APM | 3085 actions | 54:01)
8 Archmage
3 Summon Water Elemental
3 Brilliance Aura
1 Mass Teleport
1 Blizzard
» actions
| Assign group hotkey | 49 | |
| Basic commands | 433 | |
| Build / train | 120 | |
| Enter build submenu | 90 | |
| Enter hero's abilities submenu | 9 | |
| Give item / drop item | 3 | |
| Remove unit from queue | 8 | |
| Right click | 1045 | |
| Select / deselect | 659 | |
| Select group hotkey | 432 | |
| Use ability | 237 | |
3085 total
» units
| Peasant | 25 | |
| Footman | 4 | |
| Gryphon Rider | 2 | |
| Dragonhawk Rider | 4 | |
35 total
» upgrades
| Masonry | 3 | |
| Lumber Harvesting | 2 | |
| Backpack | 0 | |
| Magic Sentry | 1 | |
| Animal War Training | 1 | |
| Long Rifles | 1 | |
| Swords | 4 | |
| Armor | 4 | |
| Priest Training | 2 | |
| Gunpowder | 2 | |
| Plating | 2 | |
| Storm Hammers | 1 | |
| Cloud | 1 | |
24 total
» buildings
| Altar of Kings | 1 | |
| Barracks | 1 | |
| Farm | 7 | |
| Scout Tower | 63 | |
| Arcane Tower | 1 | |
| Lumber Mill | 5 | |
| Keep | 1 | |
| Arcane Vault | 2 | |
| Town Hall | 8 | |
| Guard Tower | 20 | |
| Castle | 1 | |
| Arcane Sanctum | 1 | |
| Blacksmith | 2 | |
| Gryphon Aviary | 6 | |
119 total
» build order
00:39 Altar of Kings
00:41 Barracks
00:52 Farm
00:54 Farm
00:57 Farm
01:06 Farm
01:38 Farm
01:41 Farm
02:02 Scout Tower
02:45 Arcane Tower
03:59 Lumber Mill
04:21 Keep
04:58 Arcane Vault
05:17 Town Hall
05:19 Scout Tower
05:19 Scout Tower
05:20 Scout Tower
05:20 Scout Tower
05:51 Guard Tower
07:27 Castle
07:35 Scout Tower
07:35 Scout Tower
07:37 Scout Tower
07:38 Scout Tower
07:45 Scout Tower
07:46 Scout Tower
07:46 Scout Tower
07:51 Guard Tower
08:38 Guard Tower
08:54 Scout Tower
08:57 Scout Tower
08:59 Scout Tower
09:09 Guard Tower
09:27 Guard Tower
09:52 Guard Tower
10:06 Guard Tower
10:48 Arcane Sanctum
14:39 Town Hall
14:52 Scout Tower
14:52 Scout Tower
14:53 Scout Tower
14:53 Scout Tower
14:54 Scout Tower
14:54 Scout Tower
14:54 Scout Tower
14:55 Scout Tower
14:55 Scout Tower
14:56 Scout Tower
14:56 Scout Tower
14:58 Scout Tower
15:02 Arcane Vault
15:19 Blacksmith
15:22 Blacksmith
15:27 Lumber Mill
16:12 Guard Tower
16:27 Guard Tower
19:43 Town Hall
21:10 Scout Tower
21:11 Scout Tower
21:14 Scout Tower
21:15 Scout Tower
21:17 Scout Tower
21:49 Guard Tower
21:51 Scout Tower
21:51 Scout Tower
21:52 Scout Tower
21:52 Scout Tower
21:53 Scout Tower
22:25 Guard Tower
23:14 Town Hall
23:18 Scout Tower
23:18 Scout Tower
23:19 Scout Tower
23:20 Scout Tower
23:22 Scout Tower
23:22 Scout Tower
23:23 Scout Tower
23:24 Scout Tower
23:39 Town Hall
23:43 Scout Tower
24:23 Town Hall
24:32 Town Hall
24:35 Scout Tower
24:36 Scout Tower
24:36 Scout Tower
24:36 Scout Tower
24:46 Scout Tower
25:04 Guard Tower
25:05 Guard Tower
25:08 Scout Tower
25:08 Scout Tower
25:10 Scout Tower
25:11 Scout Tower
25:13 Scout Tower
25:16 Scout Tower
25:20 Scout Tower
25:21 Scout Tower
26:06 Guard Tower
26:11 Lumber Mill
26:58 Lumber Mill
27:13 Lumber Mill
28:01 Guard Tower
28:03 Guard Tower
28:04 Guard Tower
29:20 Guard Tower
29:21 Guard Tower
33:24 Town Hall
33:32 Scout Tower
33:33 Scout Tower
33:34 Scout Tower
33:35 Scout Tower
34:28 Guard Tower
38:07 Gryphon Aviary
38:07 Gryphon Aviary
38:09 Gryphon Aviary
38:10 Gryphon Aviary
38:12 Gryphon Aviary
38:16 Gryphon Aviary
53:22 Farm
» items
| Lesser Clarity Potion | 2 | |
| Mechanical Critter | 4 | |
| Scroll of Regeneration | 2 | |
| Scroll of Town Portal | 4 | |
| Rod of Necromancy | 1 | |
| Boots of Speed | 1 | |
| Staff of Teleportation | 1 | |
| Periapt of Vitality | 1 | |
| Potion of Lesser Invulnerability | 3 | |
| Potion of Healing | 2 | |
21 total
Trader (
purple | 113 APM | 6104 actions | 54:01)
6 Archmage
3 Summon Water Elemental
2 Brilliance Aura
1 Mass Teleport
5 Mountain King
3 Storm Bolt
2 Bash
» actions
| Assign group hotkey | 122 | |
| Basic commands | 626 | |
| Build / train | 182 | |
| ESC pressed | 6 | |
| Enter build submenu | 68 | |
| Enter hero's abilities submenu | 12 | |
| Give item / drop item | 4 | |
| Remove unit from queue | 1 | |
| Right click | 1868 | |
| Select / deselect | 747 | |
| Select group hotkey | 2166 | |
| Use ability | 302 | |
6104 total
» units
| Peasant | 17 | |
| Footman | 3 | |
| Rifleman | 7 | |
| Priest | 4 | |
| Sorceress | 5 | |
| Gryphon Rider | 2 | |
| Spell Breaker | 2 | |
| Mortar Team | 1 | |
| Dragonhawk Rider | 6 | |
47 total
» upgrades
| Gunpowder | 3 | |
| Armor | 3 | |
| Long Rifles | 1 | |
| Lumber Harvesting | 2 | |
| Sorceress Training | 2 | |
| Priest Training | 2 | |
| Masonry | 3 | |
| Plating | 3 | |
| Control Magic | 1 | |
| Swords | 3 | |
| Fragmentation Shards | 1 | |
| Flare | 1 | |
| Animal War Training | 1 | |
| Barrage | 1 | |
| Flak Cannons | 1 | |
| Flying Machine Bombs | 1 | |
| Storm Hammers | 1 | |
| Cloud | 1 | |
31 total
» buildings
| Altar of Kings | 1 | |
| Farm | 12 | |
| Barracks | 3 | |
| Arcane Vault | 2 | |
| Lumber Mill | 1 | |
| Blacksmith | 1 | |
| Town Hall | 2 | |
| Scout Tower | 38 | |
| Keep | 2 | |
| Arcane Tower | 2 | |
| Guard Tower | 44 | |
| Arcane Sanctum | 3 | |
| Castle | 2 | |
| Workshop | 3 | |
| Gryphon Aviary | 2 | |
118 total
» build order
00:37 Altar of Kings
00:41 Farm
01:20 Farm
01:24 Barracks
01:27 Arcane Vault
01:39 Farm
01:59 Farm
02:18 Lumber Mill
02:34 Blacksmith
03:49 Town Hall
03:51 Scout Tower
05:13 Keep
05:13 Keep
05:22 Arcane Tower
05:22 Arcane Tower
06:27 Scout Tower
06:29 Scout Tower
06:31 Scout Tower
06:32 Scout Tower
07:00 Guard Tower
07:00 Guard Tower
07:01 Guard Tower
07:35 Guard Tower
07:41 Arcane Sanctum
09:11 Castle
10:12 Farm
10:15 Farm
10:18 Arcane Sanctum
10:19 Farm
10:24 Farm
11:55 Farm
11:59 Barracks
13:00 Farm
14:53 Scout Tower
14:53 Scout Tower
14:55 Scout Tower
14:56 Scout Tower
15:02 Scout Tower
15:03 Scout Tower
16:25 Guard Tower
16:25 Guard Tower
16:26 Guard Tower
19:13 Town Hall
19:15 Scout Tower
19:16 Scout Tower
19:17 Scout Tower
19:19 Scout Tower
19:24 Scout Tower
19:27 Scout Tower
19:32 Scout Tower
19:33 Scout Tower
19:35 Scout Tower
19:37 Scout Tower
19:49 Guard Tower
19:49 Guard Tower
19:49 Guard Tower
20:01 Guard Tower
20:02 Guard Tower
20:06 Guard Tower
20:07 Guard Tower
20:07 Guard Tower
20:23 Guard Tower
20:24 Guard Tower
20:24 Guard Tower
20:27 Arcane Vault
22:34 Barracks
22:39 Arcane Sanctum
22:43 Workshop
22:47 Workshop
23:42 Workshop
28:23 Farm
28:25 Farm
31:08 Scout Tower
31:10 Scout Tower
31:11 Scout Tower
31:18 Scout Tower
31:23 Scout Tower
31:27 Scout Tower
31:29 Scout Tower
31:30 Scout Tower
31:31 Scout Tower
31:33 Scout Tower
31:34 Scout Tower
31:35 Scout Tower
31:42 Scout Tower
31:43 Scout Tower
31:44 Scout Tower
31:45 Scout Tower
31:48 Scout Tower
31:56 Guard Tower
31:56 Guard Tower
31:56 Guard Tower
32:03 Guard Tower
32:03 Guard Tower
32:04 Guard Tower
32:14 Guard Tower
32:15 Guard Tower
32:15 Guard Tower
32:59 Guard Tower
33:00 Guard Tower
33:00 Guard Tower
33:06 Guard Tower
33:06 Guard Tower
33:06 Guard Tower
33:13 Gryphon Aviary
33:21 Gryphon Aviary
» items
| Scroll of Regeneration | 8 | |
| Mechanical Critter | 2 | |
| Staff of Teleportation | 2 | |
| Boots of Speed | 1 | |
| Circlet of Nobility | 1 | |
| Scroll of Town Portal | 4 | |
| Periapt of Vitality | 1 | |
| Staff of Sanctuary | 1 | |
| Potion of Healing | 2 | |
| Orb of Corruption | 1 | |
23 total
Chat log
(00:21 / All) hazelnutz69: so you guys like roleplaying or something
(00:27 / All) hazelnutz69: merchant-trader
(00:29 / All) Trader: ?
(00:32 / All) hazelnutz69: like pitcher-catcher
(00:37 / All) Merchant: We are both members of the GOLDEN GUILD
(00:50 / All) Merchant: a guild of merchants and traders
(00:53 / All) hazelnutz69: so you tower?
(01:25 / Allies) DrFootlonglambo: teal early smith, orange 2 crypt
(01:29 / All) Merchant: We do not divulge trade secrets to the uniniated
(01:41 / All) DrFootlonglambo: i have ways of making you talk
(01:46 / All) hazelnutz69: just dont touch my butt.
(01:51 / All) Trader: I'm the DOnald Trump of WC3
(02:08 / All) DrFootlonglambo: im the warren buffett of bnet
(02:17 / All) DrFootlonglambo: plus my dick is huge
(03:52 / All) Merchant: fag alert
(04:43 / Allies) DrFootlonglambo: mass rifle @ teal and expanding orange's natural
(04:46 / Allies) DrFootlonglambo: mass fiend @ orange
(04:48 / Allies) DrFootlonglambo: w dk
(04:52 / Allies) DrFootlonglambo: am footies @ green
(05:15 / Allies) BRAINIAC-KDI: wood plz
(07:07 / Allies) BRAINIAC-KDI: can u tower that wisp at my expo red
(10:25 / Allies) hazelnutz69: tp?
(10:34 / Allies) DrFootlonglambo: anyday now idiots
(11:24 / Allies) hazelnutz69: thought we were all tping?
(11:45 / Allies) hazelnutz69: red get a wisp out
(11:48 / Allies) BRAINIAC-KDI: wood plz
(12:11 / All) Merchant: NO ESCAPE MOFO
(12:16 / All) Trader: wow red sucks big time
(12:22 / All) Merchant: THE GOLDEN COMPANY DOES NOT FORGET
(12:23 / All) fgg: ?
(12:28 / All) Merchant: THE GOLDEN COMPANY DOES NOT FORGIVE
(12:29 / All) Merchant: WE REMEMBER!
(12:33 / All) DrFootlonglambo: yeah i mean blue and yellow literally making 0 units creeping nothing harassing nothing
(12:43 / All) DrFootlonglambo: i'll pick all tavern heroes with any race and shit on you idiots
(12:50 / All) Trader: LOL
(13:03 / All) DrFootlonglambo: host a game up invite your friends to watch you get analed
(13:05 / All) fgg: u got fed so maybe not
(13:07 / All) Estimated13lood: sooo how many towers yllw has so far
(13:09 / All) DrFootlonglambo: any map you want any heroes you want me to pick
(13:12 / All) Trader: Red sounds pretty mad
(13:21 / All) DrFootlonglambo: i didnt get fed you moron
(13:38 / All) DrFootlonglambo: that's how shitty you are you think i got fed here
(13:47 / All) Trader: keep making excuses
(13:50 / All) Trader: you got raped
(14:04 / All) DrFootlonglambo: you literally were 4vme for 14 mins
(14:10 / All) DrFootlonglambo: congrats you finally broke through
(14:17 / All) fgg: nah u didnt attack anything except expos
(14:22 / All) Trader: lol
(14:29 / All) DrFootlonglambo: yeah i didnt attack your main bases
(14:30 / Allies) hazelnutz69: you guys gotta tp to me
(14:31 / Allies) hazelnutz69: and attack
(14:32 / All) fgg: yea got about 12 hunts and lost a rifle
(14:33 / Allies) hazelnutz69: or were done
(14:34 / All) DrFootlonglambo: or your armies at any point
(14:35 / All) DrFootlonglambo: dumbfuck
(14:45 / All) fgg: if u attack expos they get defended
(14:46 / All) Merchant: THE GOLDEN COMPANY DOES NOT CARE ABOUT FAIR NUMBERS
(14:48 / Allies) hazelnutz69: blue
(14:49 / All) Merchant: ONLY PROFITABLE NUMBERS
(14:52 / Allies) hazelnutz69: maybe build some mroe burrows.
(14:57 / Allies) hazelnutz69: yellow
(14:59 / Allies) hazelnutz69: has no untis
(15:02 / Allies) hazelnutz69: thats a plus
(15:05 / All) DrFootlonglambo: im 7-1 on this account you dont even have a winning record on your account teal
(15:11 / All) fgg: oh no
(15:12 / All) DrFootlonglambo: so plz dont tell me how to succeed at wc3
(15:14 / All) Merchant: THE GOLDEN COMPANY IS UNDEFEATED
(15:20 / All) Trader: red you are pathetic
(15:21 / All) fgg: for every 10 games on here
(15:32 / All) fgg: u think 6 of them dont have mass retard in them?
(15:35 / Allies) DrFootlonglambo: back to towers
(15:58 / All) DrFootlonglambo: yeah i carry most of the games i get retards but yellow literally is your buttbuddy and isnt making any combat units
(16:10 / All) DrFootlonglambo: yellow 3k gold blue 4k gold
(16:34 / All) DrFootlonglambo: now we got yellow with his brilliant plan
(16:37 / All) DrFootlonglambo: 2nd game in a row doing it too
(16:41 / All) DrFootlonglambo: into mass piercing
(16:46 / All) DrFootlonglambo: hurr durr ima mass dragonhawks
(16:50 / All) DrFootlonglambo: this is sure to work
(16:56 / All) DrFootlonglambo: mass rifle elems and fiends
(17:09 / All) DrFootlonglambo: and he's massing dhawks
(17:23 / All) DrFootlonglambo: oh my bad he's going in with 2 knights
(17:33 / All) hazelnutz69: blue has 4k
(17:37 / All) hazelnutz69: yellow has 3k
(17:43 / All) Trader: quit your whining I have 7k
(17:51 / All) Trader: and green does too
(17:55 / All) Trader: Green has zero units
(17:57 / All) Trader: I have 50 food
(18:01 / All) DrFootlonglambo: differenece is you've actually been attacking with your teammates
(18:08 / All) DrFootlonglambo: yellow's been doing dick for 18 mins
(18:17 / All) DrFootlonglambo: so now his team at max has
(18:18 / All) DrFootlonglambo: 300 food
(18:25 / Allies) DrFootlonglambo: and lost my heroes and income
(18:29 / All) DrFootlonglambo: and lost my heroes and income
(18:33 / All) DrFootlonglambo: and half of pink's main
(19:00 / All) DrFootlonglambo: and despite having literally all day
(19:03 / Allies) hazelnutz69: give me gold
(19:04 / Allies) hazelnutz69: someone.
(19:13 / All) DrFootlonglambo: he still didnt creep the merc camp and get the heal ward merc or get past lvl 3
(19:39 / Allies) hazelnutz69: more gold
(19:41 / Allies) DrFootlonglambo: bust that now or they can literally attack move and win
(19:41 / Allies) hazelnutz69: you guys have too much
(19:56 / All) DrFootlonglambo: oh we got blue massing
(19:58 / Allies) hazelnutz69: BLUE
(19:59 / Allies) hazelnutz69: GIVE GOLD
(20:01 / All) DrFootlonglambo: light armor into mass piercing too
(20:03 / Allies) hazelnutz69: BUILD TWO MORE BURROWS
(20:04 / All) DrFootlonglambo: brilliant move bro
(20:12 / All) Trader: red are you on your period today?
(20:20 / All) Trader: there's no need to be so worked up over 4v4 RT
(20:44 / All) DrFootlonglambo: yellow gotta bring a 50 food army knights to stop 1 summon
(21:05 / Allies) hazelnutz69: BLUE
(21:07 / Allies) hazelnutz69: GIVE GOLD
(21:11 / Allies) hazelnutz69: AND WE MAY ACTUALLY HAVE A SHOT.
(21:53 / Allies) hazelnutz69: lumber
(21:59 / Allies) DrFootlonglambo: nah there is no shot, there's an 85% chance in any battle yellow is going to be 20 apm and get shit on
(22:08 / Allies) DrFootlonglambo: and he just let blue ose both his expos
(22:19 / Allies) DrFootlonglambo: he has 2 tps but he's gonna run
(22:37 / All) DrFootlonglambo: either yellow is your faggot friend or he's the dumbest person to ever log on bnet
(22:54 / All) Trader: he couldn't be, you logged in
(23:09 / All) DrFootlonglambo: and that's why you dont mass dhawk vs a bunch of hu and ud players
(23:13 / All) DrFootlonglambo: you fucktard mongoloid
(23:21 / Allies) hazelnutz69: out.
(23:31 / All) DrFootlonglambo: they literally can go afk and their units will still rape your useless air
(24:09 / All) Merchant: I require this expansion for the GOLDEN COMPANY
(24:24 / All) DrFootlonglambo: this retard is probably sitting there wondering why he's retarded playstyle gets shit on every game
(24:24 / All) Trader: This gold is OUR property now
(24:35 / All) DrFootlonglambo: his *
(24:48 / All) DrFootlonglambo: hurr i make towers and dhawks why do i lose everytime
(24:58 / All) DrFootlonglambo: i know i'll just keep doing it
(25:20 / All) DrFootlonglambo: i see it fail everytime welp what can i do just keep making them like a monkey
(25:53 / All) Trader: I WANT LEVEL 6!
(26:09 / All) DrFootlonglambo: i hope you idiots like getting backstabbed the rest of the games i see you on my team
(26:12 / All) DrFootlonglambo: especially you yellow
(26:29 / All) Trader: Red you couldn't even last more than like 10 mins
(26:31 / All) Trader: how could you tk
(26:33 / All) Trader: you got raped
(31:00 / All) BRAINIAC-KDI: odd game
(31:10 / All) fgg: nah theyre just time wasting
(31:15 / All) BRAINIAC-KDI: who is they
(31:21 / All) BRAINIAC-KDI: me and yellow are doign same thing lawl
(31:22 / All) fgg: the team
(34:10 / All) fgg: what a dick
(34:32 / All) fgg: purples clearly a fucktard
(34:41 / All) Trader: I told you to attack the other base
(34:44 / All) Trader: you didn't take my bribe
(34:49 / All) Trader: so this is what you get
(35:23 / All) BRAINIAC-KDI: thats bullshit 10 tanks do all that. i hasd 40 towers and wyverns
(36:33 / All) fgg: its a good thing purple got carried at begin lol
(36:43 / All) Trader: I'll have none of that talk
(36:45 / All) Trader: apologise
(37:02 / All) fgg: u literally dont know how to attack the enemy
(37:09 / All) Trader: Apologise right now
(37:33 / All) fgg: just tk or whatever idc
(37:42 / All) fgg: lets hope blue rapes u lol
(40:15 / All) lHATE4SRT: hey oj and teal finish blue off right now
(40:17 / All) lHATE4SRT: I tked him
(40:18 / All) lHATE4SRT: lmao
(40:29 / All) fgg: let purple do it
(40:31 / All) lHATE4SRT: do it righ tnow before he towers
(41:39 / Allies) BRAINIAC-KDI: noob
(41:51 / All) lHATE4SRT: kill him please
(41:53 / All) lHATE4SRT: u guys won this
(42:09 / All) BRAINIAC-KDI: no lol
(42:16 / All) BRAINIAC-KDI: idiot yellow
(42:18 / All) BRAINIAC-KDI: they got tked
(42:51 / All) BRAINIAC-KDI: out yellow
(42:56 / All) BRAINIAC-KDI: dumb noob lawl
(43:00 / All) lHATE4SRT: gee same faggot tkers from a while ago
(43:05 / All) lHATE4SRT: I know u faggots
(43:11 / All) lHATE4SRT: get a life faggots
(43:14 / All) BRAINIAC-KDI: get wrecked son
(43:15 / All) fgg: literally inbreeds
(43:37 / All) fgg: ill remember not to carry u at the begin next time
(43:41 / All) fgg: hf
(43:51 / All) Trader: Teal, you insulted me earlier
(43:55 / All) Trader: I told you that you were going to pay for it
(43:59 / All) fgg: nah
(44:07 / All) fgg: u prob doin it all the game anyway
(44:09 / All) Estimated13lood: no life niggas
(44:11 / All) Estimated13lood: lawl
(44:12 / All) fgg: inbreeds right
(44:16 / All) lHATE4SRT: they do this all the time
(44:17 / All) BRAINIAC-KDI: yellow tried so hard and failed
(44:20 / All) lHATE4SRT: more than once
(44:26 / All) lHATE4SRT: and <---------
(44:34 / All) Merchant: WE ARE HERE TO RETRIEVE THE MONEY OWED TO THE GOLDEN COMPANY
(44:36 / All) Merchant: COMPLY OR PERISH
(45:12 / All) BRAINIAC-KDI: dead
(45:12 / All) BRAINIAC-KDI: ho
(45:14 / All) BRAINIAC-KDI: out
(45:24 / All) lHATE4SRT: *yawn*
(45:29 / All) lHATE4SRT: lucky this is my tk acccount
(45:30 / All) BRAINIAC-KDI: alt tabbed
(45:31 / All) lHATE4SRT: faggot
(45:36 / All) Merchant: THE GOLDEN GUILD IS A FRATERNITY OF SACRED BROTHERS
(45:40 / All) BRAINIAC-KDI: bored of owning yellow lawl
(46:50 / All) lHATE4SRT: go kill urselves blue, green, and purp you are worth nothing. Nothing but pieces of low life dogshit!
(47:24 / All) Merchant: Not everyone is of a favorable disposition towards our guild, 'tis the nature of buisness
(50:59 / All) Merchant: haha
(53:38 / All) Trader: fingers are sore from 1A 2A 3A 4A
(53:44 / All) Trader: what team loses
(53:49 / All) Merchant: Red